 Dungeon Crawl Stone Soup version 0.27-a0-1196-g3e9cee4cb2 (webtiles) character file.

Game seed: 8068949800817447108

48789 agentchuck the Stormcaller (level 14, -5/83 HPs)
             Began as a Tengu Air Elementalist on May 28, 2021.
             Was a High Priest of Elyvilon.
             Killed from afar by a lindwurm (40 damage)
             ... with a blast of flame
             ... on level 6 of the Lair of Beasts.
             The game lasted 01:39:57 (29584 turns).

agentchuck the Stormcaller (TeAE)                  Turns: 29584, Time: 01:39:58

Health: -5/83      AC: 11    Str: 11    XL:     14   Next: 47%
Magic:  20/37      EV: 16    Int: 19    God:    Elyvilon [*****.]
Gold:   1269       SH:  6    Dex: 24    Spells: 6/31 levels left

rFire    . . .     SeeInvis .   e - +10 spear of Kyenifer {freeze, rN+ Dex+4}
rCold    . . .     Faith    .   S - +0 buckler
rNeg     + . .     Spirit   .   T - +1 scale mail of Erchatz {rElec Will+ Regen+ rCorr}
rPois    .         Reflect  .   (helmet restricted)
rElec    +         Harm     .   (no cloak)
rCorr    +         Rampage  .   d - +2 pair of gloves
Will     ++...                  (boots unavailable)
Stlth    ++........             (no amulet)
HPRegen  1.23/turn              W - ring of magical power
MPRegen  0.25/turn              X - +6 ring of dexterity

@: flying quickly and evasively, quick
A: beak, talons 3, nimble flight
a: Renounce Religion, Lesser Healing, Heal Other, Purification, Greater Healing,
Divine Vigour, Divine Protection


You were on level 6 of the Lair of Beasts.
You worshipped Elyvilon.
Elyvilon was extremely pleased with you.
You visited 3 branches of the dungeon, and saw 19 of its levels.
You also visited: Sewer.

You collected 1269 gold pieces.


Innate Abilities, Weirdness & Mutations

You have a beak for a mouth.
You have claws for feet.
Your magical nature lets you fly swiftly and evasively.


   Skills:
 - Level 7.9 Fighting
 - Level 4.0 Polearms
 + Level 4.8 Armour
 + Level 8.2 Dodging
 - Level 6.0 Stealth
 - Level 4.0 Shields
 + Level 9.0 Spellcasting
 * Level 13.4 Conjurations
 * Level 17.1 Air Magic
 + Level 5.2 Invocations
 - Level 3.4 Evocations


You had 6 spell levels left.
You knew the following spells:

 Your Spells              Type           Power      Damage    Failure   Level
i - Swiftness             Air            65%        N/A       1%          3
k - Airstrike             Air            32%        N/A       1%          4
l - Lightning Bolt        Conj/Air       30%        1d47      2%          5
m - Mephitic Cloud        Conj/Pois/Air  47%        N/A       1%          3
p - Poisonous Vapours     Pois/Air       82%        N/A       1%          2
t - Static Discharge      Conj/Air       61%        N/A       1%          2
X - Conjure Ball Lightni  Conj/Air       30%        3x3d10    12%         6

Your spell library contained the following spells:

 Spells                   Type           Power      Damage    Failure   Level
 Magic Dart               Conj           100%       1d8       1%          1
 Shock                    Conj/Air       100%       1d9       1%          1
 Conjure Flame            Conj/Fire      34%        6-21      8%          3
 Summon Lightning Spire   Summ/Air       41%        N/A       13%         4
 Silence                  Hex/Air        20%        N/A       34%         5
 Animate Skeleton         Necr           16%        N/A       38%         1
 Apportation              Tloc           16%        N/A       38%         1
 Beastly Appendage        Tmut           16%        N/A       38%         1
 Pain                     Necr           32%        1d5       38%         1
 Sting                    Tmut/Pois      32%        1d4       38%         1
 Blink                    Tloc           N/A        N/A       54%         2
 Call Imp                 Summ           8%         N/A       54%         2
 Slow                     Hex            8%         N/A       54%         2
 Wereblood                Tmut           8%         N/A       54%         2
 Freezing Cloud           Conj/Ice/Air   23%        6-21      69%         6
 Confusing Touch          Hex            8%         N/A       77%         3
 Gell's Gravitas          Tloc           4%         N/A       77%         3
 Spider Form              Tmut/Pois      4%         N/A       77%         3
 Vampiric Draining        Necr           4%         2d6       77%         3
 Animate Dead             Necr           4%         N/A       99%         4
 Ice Form                 Ice/Tmut       8%         N/A       99%         4
 Petrify                  Tmut/Erth      8%         N/A       99%         4
 Agony                    Necr           8%         N/A       100%        5
 Hydra Form               Tmut           4%         N/A       100%        5
 Metabolic Englaciation   Hex/Ice        4%         N/A       100%        5
 Yara's Violent Unravell  Hex/Tmut       4%         3d4       100%        5
 Tornado                  Air            32%        N/A       100%        9

Inventory:

Hand Weapons
 e - the +10 spear of Kyenifer (weapon) {freeze, rN+ Dex+4}
   (You found it on level 9 of the Dungeon)

   It has been specially enchanted to freeze those struck by it, causing extra
   injury to most foes and up to half again as much damage against particularly
   susceptible opponents.
   It can also slow down cold-blooded creatures.
   It affects your dexterity (+4).
   It protects you from negative energy.
 q - the +8 dagger of Exchange {holy, rC+}
   (You found it on level 10 of the Dungeon)

   It has been blessed by the Shining One to cause great damage to the undead
   and demons.
   It protects you from cold.
 w - a +4 scimitar
Missiles
 h - 3 atropa-tipped darts
 p - 66 poisoned darts
 z - 3 throwing nets {=f}
 P - 11 boomerangs
Armour
 d - a +2 pair of gloves (worn)
 g - a +2 robe of willpower
 S - a +0 buckler (worn)
 T - the +1 scale mail of Erchatz (worn) {rElec Will+ Regen+ rCorr}
   (You found it on level 4 of the Lair of Beasts)

   It insulates you from electricity.
   It increases your rate of health regeneration.
   It protects you from acid and corrosion.
   It increases your willpower.
Magical Staves
 s - a staff of poison
Jewellery
 v - a ring of see invisible
 C - a ring of ice
 F - a ring of fire
 G - an amulet of guardian spirit
 W - a ring of magical power (left hand)
 X - a +6 ring of dexterity (right hand)
Wands
 L - a wand of iceblast (19)
 M - a wand of charming (5)
 Q - a wand of polymorph (11)
 U - a wand of paralysis (3)
Scrolls
 b - 6 scrolls of vulnerability {!r}
 f - a scroll of holy word
 j - 2 scrolls of blinking
 l - 9 scrolls of teleportation {@r4}
 o - 2 scrolls of identify {@r1}
 t - a scroll of enchant armour
 y - 2 scrolls of silence {!r}
 B - 4 scrolls of immolation {!r}
 D - 2 scrolls of magic mapping
 H - 2 scrolls of fog
 I - a scroll of brand weapon
 K - a scroll of fear
 O - 2 scrolls of enchant weapon
Potions
 a - 4 potions of lignification {!q}
 c - 4 potions of brilliance
 i - 2 potions of curing {@q1}
 k - 3 potions of invisibility
 m - 2 potions of cancellation
 n - 7 potions of heal wounds {@q2}
 r - 2 potions of berserk rage {unknown}
 x - a potion of ambrosia {unknown}
 A - 2 potions of mutation {!q}
 J - 2 potions of haste {@q3}
 N - a potion of magic {unknown}
Miscellaneous
 u - a box of beasts
 E - a lightning rod (4/4)

Dungeon Overview and Level Annotations

Branches:
Dungeon (12/15)            Temple (1/1) D:4            Lair (6/6) D:10
  Swamp (0/4) Lair:2        Snake (0/4) Lair:4        Slime (0/5) Lair:5
    Orc (0/2) D:11          Sewer (visited)

Altars:
Ashenzari
Cheibriados
Dithmenos
Elyvilon
Fedhas
Gozag
Hepliaklqana
Kikubaaqudgha
Makhleb
Nemelex Xobeh
Okawaru
Qazlal
Ru
Sif Muna
Trog
Uskayaw
Vehumet
Wu Jian
Xom
Yredelemnul
Zin
The Shining One
Jiyva

Shops:
D:10 (

Annotations:
D:5 Sigmund
D:7 exclusion: manticore
D:11 2 transporters, ClownBaby's ghost, journeyman DrVM
Lair:1 Erica; Joseph
Lair:2 exclusion: 3 doors
Lair:4 1 exclusion
Lair:5 2 transporters, exclusion: oklob plant, Drazool's ghost, journeyman TrHu
Lair:6 1 runed translucent door

........................P#
###...
.....#.....####.###.###..#
#..### #...######## ###
######## #### # #...#######
###...#
....##....######.....
..#........##.#.... ###
...#......##.....##### ...#
##........##.....k...# ....#
##..▒.....##...#@#...#.....#
###.)÷########...#.......#
##..▒..##...#...###.###.Y...
##.....##...#.÷...### #.#k
##......#.........# #
.#.#....###.#....##
.###....†......###
..###.#.......##
#...#####...###


You could see a lindwurm (poisoned, catching breath).


Message History

Aiming: Airstrike (safe; 1% risk of failure)
Press: ? - help, Dir - move target, f/p - lindwurm
Aim: a lindwurm (moderately wounded, poisoned, catching its breath)
The air twists around and strikes the lindwurm!
The lindwurm is heavily wounded.
A dream sheep comes into view.
Casting: Airstrike (safe; 1% risk of failure)
Confirm with . or Enter, or press ? or * to list all spells.
Aiming: Airstrike (safe; 1% risk of failure)
Press: ? - help, Dir - move target, f/p - lindwurm
Aim: a lindwurm (heavily wounded, poisoned)
The air twists around and strikes the lindwurm.
The lindwurm is severely wounded.
The lindwurm breathes flames at you. The blast of flame hits you!!
* * * LOW HITPOINT WARNING * * *
The dream sheep ruffles its wool and motes of dream dust sparkle, to no effect.
Use which ability? (? or * to list)
Press: ? - help, Dir - move target, f/p - lindwurm Heal: a lindwurm (severely wounded, poisoned, chance to pacify: 59%) Unknown command.
Use which ability? (? or * to list)
You are healed.
Use which ability? (? or * to list)
Press: ? - help, Dir - move target, f/p - lindwurm Heal: a lindwurm (severely wounded, poisoned, chance to pacify: 59%)
The light of Elyvilon almost touches upon the lindwurm.
The lindwurm breathes flames at you. The blast of flame hits you!!!
You die...

Skill      XL: |  1  2  3  4  5  6  7  8  9 10 11 12 13 14 |
---------------+-------------------------------------------+-----
Conjurations   | 2 3 4 5 8 10 11 12 13 | 13.4
Air Magic      | 5 6 7 8 9 11 12 13 14 15 16 17 | 17.1
Fighting       | 1 2 3 5 6 7 |  7.9
Spellcasting   | 3 4 6 7 8 9 |  9.0
Stealth        | 4 5 6 |  6.0
Dodging        | 5 7 8 |  8.2
Evocations     | 1 2 3 |  3.4
Invocations    | 1 3 4 5 |  5.2
Polearms       | 2 4 |  4.0
Shields        | 4 |  4.0
Armour         | 3 4 |  4.8

Action                   |  1- 3 |  4- 6 |  7- 9 | 10-12 | 13-15 || total
-------------------------+-------+-------+-------+-------+-------++-------
Melee: Kick              |     1 |       |       |    34 |    96 ||   131
       Unarmed           |     1 |       |       |       |       ||     1
       Dagger            |     1 |       |     2 |     4 |       ||     7
       Peck              |     1 |       |     1 |    16 |    46 ||    64
       Spear             |       |       |       |   115 |   235 ||   350
 Cast: Shock             |    61 |   167 |    34 |    13 |       ||   275
       Static Discharge  |    10 |    12 |     2 |     1 |     7 ||    32
       Airstrike         |       |     4 |   120 |   180 |   130 ||   434
       Poisonous Vapours |       |       |    13 |   127 |   193 ||   333
       Mephitic Cloud    |       |       |       |    22 |    17 ||    39
       Lightning Bolt    |       |       |       |     1 |       ||     1
       Swiftness         |       |       |       |     1 |       ||     1
Invok: Heal Other        |       |       |       |       |    11 ||    11
       Greater Healing   |       |       |       |       |     1 ||     1
Evoke: Box of beasts     |       |       |       |     2 |       ||     2
       Wand              |       |       |       |     2 |     2 ||     4
  Use: Scroll            |       |     1 |     9 |     7 |    10 ||    27
       Potion            |       |     1 |       |     3 |       ||     4
 Stab: Sleeping          |       |       |     1 |     3 |     2 ||     6
       Confused          |       |       |       |     7 |    16 ||    23
Armor: Robe              |     3 |     5 |     1 |    14 |    11 ||    34
       Scale mail        |       |       |       |       |    56 ||    56
Dodge: Dodged            |    22 |    14 |     6 |    99 |   177 ||   318
Block: Buckler           |       |       |       |       |    54 ||    54

Levels and vault maps discovered:
D:1:      evilmike_arrival_rings, layout_basic
D:2:      layout_rooms, chequers_serial_rivers_micro_e,
          chequers_serial_rivers_large_a
D:3:      layout_basic, minitemple, gup_sewer_entry_bowl,
          shapermc_ecumenical_altar_hornbeckon
D:4:      layout_gridville, nzn_overflow_gifts_of_might_and_magic,
          lemuel_temple_firewalk_b, minmay_misc_feat_nine_boxes
D:5:      layout_rooms, feat_on_display, uniq_sigmund
D:6:      layout_basic
D:7:      minmay_evil_eye, layout_basic, chequers_serial_rivers_micro_e
D:8:      layout_gridville, grunt_qazlal_clouds
D:9:      layout_loops_corners, minmay_misc_feat_encased
D:10:     layout_roguey, okawaru_metal_pillars_3, lair_entry_dummy,
          serial_shops, shop, uniq_snorg
D:11:     layout_rooms, orc_0_dummy, gammafunk_ghost_stat_death,
          nemelex_diamond_rough_becter
D:12:     layout_irregular_city, serial_undead, serial_undead_f,
          serial_undead_a, serial_undead_c, serial_undead_e, serial_undead_a,
          serial_undead_b, serial_undead_b, serial_undead_c, serial_undead_b,
          serial_undead_b, serial_bayou_pond_b, lemuel_freeze_loot_1
Temple:   regret_index_temple_generic_petals
Lair:1:   layout_chaotic_city, serial_bayou_shore_b, uniq_joseph, uniq_erica
Lair:2:   cheibrodos_lair_overgrown_chateau, layout_chaotic_city, swamp_mist,
          lemuel_fruit_tree
Lair:3:   layout_cellular_growth, pf_torpor_hydra
Lair:4:   layout_long_grid, dummy_snake_entry, minmay_shattered_shrine,
          grunt_megastairs_3
Lair:5:   layout_concentric_octagons, slime_altar_1, nzn_ghost_randoct
Lair:6:   wormcave, layout_cellular_growth, hangedman_lair_in_review, uniq_sonja

Notes
Turn   | Place    | Note
-------+----------+-------------------------------------------
     0 | D:1      | agentchuck the Tengu Air Elementalist began the quest for
                  | the Orb.
     0 | D:1      | Reached XP level 1. HP: 10/10 MP: 4/4
   383 | D:1      | HP: 1/10 [jackal (2)]
   385 | D:1      | Reached XP level 2. HP: 2/15 MP: 0/6
   648 | D:1      | Learned a level 2 spell: Static Discharge
  1238 | D:1      | Reached skill level 2 in Conjurations
  1539 | D:2      | Reached skill level 5 in Air Magic
  1539 | D:2      | Reached XP level 3. HP: 19/19 MP: 1/7
  2119 | D:2      | Reached skill level 3 in Conjurations
  2288 | D:2      | Reached XP level 4. HP: 20/24 MP: 8/8
  2347 | D:2      | Learned a level 4 spell: Airstrike
  2942 | D:3      | Reached skill level 6 in Air Magic
  2948 | D:3      | Found a glowing drain.
  2952 | Sewer    | Entered a sewer
  3035 | Sewer    | Reached skill level 4 in Conjurations
  3079 | Sewer    | Gained mutation: Your magical nature lets you fly swiftly
                  | and evasively. [Tengu growth]
  3079 | Sewer    | Reached XP level 5. HP: 20/28 MP: 9/9
  3719 | Sewer    | Reached skill level 1 in Fighting
  3863 | Sewer    | Reached skill level 7 in Air Magic
  3863 | Sewer    | Reached XP level 6. HP: 13/34 MP: 5/10
  4060 | Sewer    | Learned a level 3 spell: Swiftness
  4600 | D:3      | Found a broken altar of Ashenzari.
  4605 | D:3      | Found an ornate altar of the Wu Jian Council.
  4607 | D:3      | Found a sparkling altar of Nemelex Xobeh.
  4875 | D:3      | Found a faded altar of an unknown god.
  5094 | D:3      | Reached skill level 2 in Fighting
  5377 | D:4      | Reached skill level 3 in Spellcasting
  5377 | D:4      | Reached skill level 8 in Air Magic
  5377 | D:4      | Reached XP level 7. HP: 40/40 MP: 10/12
  5508 | D:4      | Noticed a steam dragon
  5526 | D:4      | Killed a steam dragon
  5681 | D:4      | Reached skill level 3 in Fighting
  5698 | D:4      | Found a shimmering blue altar of Sif Muna.
  5704 | D:4      | Identified Sif Muna's Tome of Spatial Moulding
  5710 | D:4      | Found a bloodstained altar of Trog.
  5947 | D:5      | Entered Level 5 of the Dungeon
  5966 | D:5      | Reached skill level 9 in Air Magic
  6025 | D:5      | Reached XP level 8. HP: 46/46 MP: 14/14
  6057 | D:5      | Noticed Sigmund
  6349 | D:5      | Reached skill level 4 in Spellcasting
  6825 | D:5      | Noticed a kobold demonologist
  6829 | D:5      | Killed a kobold demonologist
  6830 | D:5      | Reached skill level 3 in Stealth
  6830 | D:5      | Reached skill level 10 in Air Magic
  7938 | D:7      | Reached skill level 4 in Stealth
  7983 | D:7      | Noticed a manticore
  8042 | D:7      | Reached skill level 11 in Air Magic
  8042 | D:7      | Reached XP level 9. HP: 51/51 MP: 13/17
  8113 | D:7      | Reached skill level 5 in Spellcasting
  8272 | D:7      | Learned a level 3 spell: Mephitic Cloud
  8699 | D:7      | Reached skill level 4 in Fighting
  8847 | D:7      | Learned a level 2 spell: Poisonous Vapours
  9699 | D:7      | Reached skill level 12 in Air Magic
 10218 | D:4      | Found a staircase to the Ecumenical Temple.
 10227 | Temple   | Entered the Ecumenical Temple
 10469 | Temple   | Became a worshipper of Elyvilon the Healer
 10896 | D:8      | Reached * piety under Elyvilon
 11408 | D:8      | Found a stormy altar of Qazlal.
 11427 | D:8      | Reached skill level 5 in Fighting
 11427 | D:8      | Reached skill level 5 in Conjurations
 11614 | D:8      | Reached skill level 6 in Spellcasting
 11620 | D:8      | Reached XP level 10. HP: 59/59 MP: 0/20
 12033 | D:8      | Reached skill level 6 in Conjurations
 12281 | D:9      | Noticed a two-headed ogre
 12312 | D:9      | Identified the +10 spear of Kyenifer {freeze, rN+ Dex+4}
 12675 | D:9      | Reached ** piety under Elyvilon
 13451 | D:9      | Killed a two-headed ogre
 13452 | D:9      | Reached skill level 6 in Fighting
 13452 | D:9      | Reached skill level 7 in Conjurations
 13452 | D:9      | Reached skill level 13 in Air Magic
 13994 | D:10     | Entered Level 10 of the Dungeon
 14003 | D:10     | Found Caekkaef's Weapon Emporium.
 14038 | D:10     | Reached skill level 7 in Spellcasting
 14194 | D:10     | Noticed Snorg
 14194 | D:10     | Noticed a cyclops
 14406 | D:10     | Killed Snorg
 14903 | D:10     | Reached skill level 8 in Conjurations
 14957 | D:10     | Found a staircase to the Lair.
 15003 | D:10     | Found an iron altar of Okawaru.
 15114 | D:10     | Reached XP level 11. HP: 66/66 MP: 9/23
 15135 | D:10     | Identified the +8 dagger of Exchange {holy, rC+}
 15602 | D:10     | Killed a cyclops
 15834 | D:11     | Found a staircase to the Orcish Mines.
 15834 | D:11     | Noticed a two-headed ogre
 15842 | D:11     | Killed a two-headed ogre
 15843 | D:11     | Reached skill level 3 in Dodging
 15928 | D:11     | Noticed a manticore
 15986 | D:11     | Found a sparkling altar of Nemelex Xobeh.
 16013 | D:11     | Found a transporter.
 16040 | D:11     | Found a transporter.
 16043 | D:11     | Noticed ClownBaby's ghost (journeyman DrVM)
 16058 | D:11     | Noticed a cyclops
 16085 | D:11     | Killed a cyclops
 16121 | D:11     | Noticed a centaur warrior
 16142 | D:11     | Killed a centaur warrior
 16143 | D:11     | Reached skill level 4 in Dodging
 16143 | D:11     | Reached skill level 9 in Conjurations
 16398 | D:11     | You are sucked into a shaft and drop 1 floor!
 16448 | D:11     | Reached skill level 14 in Air Magic
 16468 | D:11     | Reached skill level 8 in Spellcasting
 16480 | D:11     | Identified the +4 ring mail of Zin's Envy {Str+3}
 16698 | D:11     | Learned a level 5 spell: Lightning Bolt
 16747 | D:11     | Killed a manticore
 17020 | Lair:1   | Entered Level 1 of the Lair of Beasts
 17020 | Lair:1   | Noticed Erica
 17089 | Lair:1   | Noticed Joseph
 17454 | Lair:1   | Reached *** piety under Elyvilon
 17770 | Lair:1   | Reached skill level 5 in Dodging
 17933 | Lair:1   | Reached skill level 7 in Fighting
 18030 | Lair:1   | Identified the +5 long sword of Midwinter {antimagic, Will-
                  | rCorr Dex+7}
 18091 | Lair:1   | Noticed a seven-headed hydra
 18214 | Lair:1   | Killed a seven-headed hydra
 18215 | Lair:1   | Reached skill level 1 in Evocations
 18477 | Lair:1   | Reached skill level 10 in Conjurations
 18477 | Lair:1   | Reached skill level 1 in Invocations
 18770 | Lair:1   | Reached XP level 12. HP: 69/72 MP: 9/25
 19177 | Lair:2   | Noticed a boulder beetle
 19207 | Lair:2   | Killed a boulder beetle
 19208 | Lair:2   | Reached skill level 6 in Dodging
 19313 | Lair:2   | Reached **** piety under Elyvilon
 19342 | Lair:2   | Reached skill level 2 in Evocations
 19903 | Lair:2   | Found a staircase to the Swamp.
 20020 | Lair:3   | Reached skill level 2 in Invocations
 20369 | Lair:2   | Reached skill level 15 in Air Magic
 20714 | Lair:3   | Reached skill level 11 in Conjurations
 21016 | Lair:3   | Reached skill level 7 in Dodging
 21461 | Lair:3   | Reached skill level 1 in Polearms
 21685 | Lair:3   | Reached skill level 5 in Stealth
 21737 | Lair:3   | Found a runed translucent door.
 21795 | Lair:3   | Noticed a six-headed hydra
 22050 | Lair:3   | Killed a six-headed hydra
 22051 | Lair:3   | Reached skill level 3 in Invocations
 22204 | Lair:4   | Noticed a death yak
 22248 | Lair:3   | Killed a death yak
 22249 | Lair:3   | Reached skill level 2 in Polearms
 22314 | Lair:4   | Reached XP level 13. HP: 71/77 MP: 26/26
 22388 | Lair:4   | Reached skill level 8 in Dodging
 22655 | Lair:4   | Reached skill level 12 in Conjurations
 22912 | Lair:4   | Reached skill level 1 in Shields
 23018 | Lair:4   | Reached ***** piety under Elyvilon
 23367 | Lair:4   | Reached skill level 3 in Polearms
 23428 | Lair:4   | Reached skill level 2 in Shields
 23736 | Lair:4   | Identified the +1 scale mail of Erchatz {rElec Will+ Regen+
                  | rCorr}
 23759 | Lair:4   | Reached skill level 16 in Air Magic
 24170 | Lair:4   | Reached skill level 6 in Stealth
 24170 | Lair:4   | Reached skill level 4 in Invocations
 24337 | Lair:4   | Found a staircase to the Snake Pit.
 24668 | Lair:5   | Reached skill level 3 in Shields
 24746 | Lair:5   | Found a transporter.
 24748 | Lair:5   | Found a transporter.
 24826 | Lair:5   | Noticed Drazool's ghost (journeyman TrHu)
 24884 | Lair:5   | Reached skill level 1 in Armour
 25427 | Lair:5   | Found a staircase to the Slime Pits.
 25428 | Lair:5   | Found a viscous altar of Jiyva.
 25587 | Lair:5   | Reached skill level 4 in Polearms
 25776 | Lair:6   | Entered Level 6 of the Lair of Beasts
 25827 | Lair:5   | Reached skill level 4 in Shields
 25840 | Lair:5   | Learned a level 6 spell: Conjure Ball Lightning
 25893 | Lair:6   | Reached skill level 2 in Armour
 26372 | Lair:6   | Reached skill level 3 in Armour
 26372 | Lair:6   | Reached XP level 14. HP: 83/83 MP: 20/27
 26780 | Lair:6   | Found a runed translucent door.
 27055 | Lair:6   | Reached skill level 13 in Conjurations
 27215 | Lair:6   | Reached skill level 3 in Evocations
 27343 | Lair:6   | Paralysed by a hornet for 2 turns
 27625 | Lair:6   | Reached skill level 4 in Armour
 28116 | Lair:6   | Reached skill level 5 in Invocations
 28964 | Lair:6   | Reached skill level 17 in Air Magic
 29393 | Lair:6   | Reached skill level 9 in Spellcasting
 29424 | Lair:6   | Noticed Sonja
 29432 | Lair:6   | Killed Sonja
 29584 | Lair:6   | Killed from afar by a lindwurm

Vanquished Creatures
  A boulder beetle (Lair:2)
  5 hydras
  A centaur warrior (D:11)
  2 two-headed ogres
  3 catoblepae
  4 death yaks
  Sonja (Lair:6)
  A lindwurm (Lair:6)
  An oklob plant (Lair:4)
  2 manticores
  7 elephants
  2 cyclopes
  2 black mambas
  8 torpor snails
  16 cane toads
  3 rime drakes
  A kobold demonologist (D:5)
  2 komodo dragons
  4 polar bears
  5 hornets (Lair:6)
  2 tyrant leeches (Lair:6)
  6 dream sheep
  29 blink frogs
  A shadow (D:10)
  41 yaks
  4 wyverns
  3 steam dragons
  6 basilisks
  14 water moccasins
  2 ice beasts
  5 orc warriors
  2 necrophages
  An ogre (D:4)
  16 wolves
  2 centaurs
  A phantom (D:7)
  A kobold brigand (D:10)
  11 bullfrogs
  5 gnoll sergeants
  2 scorpions
  2 water moccasin skeletons
  5 wights (D:9)
  2 howler monkeys
  4 centaur zombies
  A hound (D:4)
  A bullfrog skeleton (D:5)
  A jelly (D:4)
  7 orc priests
  A centaur skeleton (D:7)
  A gnoll shaman (D:7)
  An iguana (D:6)
  11 orc wizards
  10 hell rats
  23 gnolls
  12 adders
  2 river rats (D:3)
  A shadow imp (D:7)
  3 white imps
  An adder skeleton (D:4)
  4 worms
  2 dart slugs
  25 orcs
  16 ball pythons
  4 bats
  16 endoplasms
  11 giant cockroaches
  6 goblins
  6 hobgoblins
  13 jackals
  13 quokkas
  10 frilled lizards
  8 kobolds
  8 rats
456 creatures vanquished.

Vanquished Creatures (collateral kills)
  Snorg (D:10)
1 creature vanquished.

Vanquished Creatures (others)
  A torpor snail (Lair:6)
  A tyrant leech (Lair:6)
  A hornet (Lair:6)
  A wyvern (Lair:6)
  An endoplasm (D:4)
  38 fungi
  60 plants
103 creatures vanquished.

Grand Total: 560 creatures vanquished

Table legend: (Time is in decaauts)
 A = Elapsed time spent in this place.
 B = Non-inter-level travel time spent in this place.
 C = Inter-level travel time spent in this place.
 D = Time resting spent in this place.
 E = Time spent auto-exploring this place.
 F = Levels seen in this place.
 G = Mean time per level.
                   A        B        C        D        E       F      G
               +--------+--------+--------+--------+--------+-----+--------+
         Total |  28423 |  27238 |   1185 |  12249 |   7551 |  20 | 1421.2 |
       Dungeon |  14544 |  13900 |    644 |   5376 |   5741 |  12 | 1212.0 |
        Temple |    227 |    188 |     39 |      0 |    182 |   1 |  227.0 |
          Lair |  12057 |  11556 |    501 |   5673 |   1615 |   6 | 2009.5 |
         Sewer |   1594 |   1594 |      0 |   1199 |     11 |   1 | 1594.0 |
               +--------+--------+--------+--------+--------+-----+--------+

Top non-repeatable levels by time:
  Lair:6: 3548 daAuts
  Lair:4: 2254 daAuts
     D:7: 1926 daAuts
  Lair:1: 1862 daAuts
  Lair:3: 1860 daAuts
    D:10: 1791 daAuts
   Sewer: 1594 daAuts
     D:1: 1591 daAuts
     D:9: 1590 daAuts
     D:8: 1504 daAuts
  Lair:2: 1442 daAuts
     D:2: 1206 daAuts
    D:11: 1111 daAuts
     D:4: 1094 daAuts
  Lair:5: 1088 daAuts

Table legend:
 A = Non-vault XP
 B = Vault XP
 C = Vault XP percentage of total XP
 D = Non-vault monster count
 E = Vault monster count
 F = Vault count percentage of total count
                 A         B        C        D         E       F
            +---------+---------+-------+---------+---------+-------
      Total |   49849 |   18938 |  27.5 |     352 |     105 |  23.0
            +---------+---------+-------+---------+---------+-------
        D:1 |      24 |       0 |   0.0 |      13 |       0 |   0.0
        D:2 |      85 |       0 |   0.0 |      28 |       0 |   0.0
        D:3 |      42 |      29 |  40.8 |      18 |       4 |  18.2
        D:4 |     522 |     156 |  23.0 |      17 |       2 |  10.5
        D:5 |     838 |       0 |   0.0 |      16 |       0 |   0.0
        D:6 |     324 |       0 |   0.0 |       5 |       0 |   0.0
        D:7 |     922 |     348 |  27.4 |      25 |       3 |  10.7
        D:8 |    1540 |       0 |   0.0 |      25 |       0 |   0.0
        D:9 |    2095 |       0 |   0.0 |      24 |       0 |   0.0
       D:10 |    1470 |    1021 |  41.0 |      24 |       1 |   4.0
       D:11 |    4140 |       0 |   0.0 |      11 |       0 |   0.0
     Lair:1 |    4796 |       0 |   0.0 |      18 |       0 |   0.0
     Lair:2 |    3547 |       0 |   0.0 |      13 |       0 |   0.0
     Lair:3 |    7567 |    1348 |  15.1 |      28 |       2 |   6.7
     Lair:4 |    8810 |    4045 |  31.5 |      28 |      14 |  33.3
     Lair:5 |    6186 |       0 |   0.0 |      24 |       0 |   0.0
     Lair:6 |    6941 |   11657 |  62.7 |      35 |      26 |  42.6
      Sewer |       0 |     334 | 100.0 |       0 |      53 | 100.0
            +---------+---------+-------+---------+---------+-------
